 Dungeon Crawl Stone Soup version 0.23-a0-14-g8c9a20f (webtiles) character file.

86 Kuinu the Skirmisher (level 4, -2/61 HPs)
             Began as a Draconian Berserker on Aug 2, 2018.
             Was a Believer of Trog.
             Slain by a gnoll
             ... wielding a +0 spear
              (7 damage)
             ... on level 2 of the Dungeon.
             The game lasted 00:02:49 (1177 turns).

Kuinu the Skirmisher (Draconian Berserker)          Turns: 1177, Time: 00:02:50

Health: -2/61      AC:  5    Str: 25    XL:     4   Next: 27%
Magic:  4/4        EV: 13    Int:  7    God:    Trog [**....]
Gold:   56         SH:  0    Dex: 11    Spells: 3/3 levels left

rFire    x . .     SeeInvis .   f - +5 short sword
rCold    + . .     Gourm    .   (no shield)
rNeg     . . .     Faith    .   (armour unavailable)
rPois    .         Spirit   .   (helmet restricted)
rElec    .         Reflect  .   (no cloak)
rCorr    .         Harm     .   (no gloves)
MR       .....                  (no boots)
Stlth    ..........             (no amulet)
HPRegen  0.20/turn              g - ring of ice
MPRegen  0.09/turn              (no ring)

@: berserking, very quick
A: unfitting armour, cold-blooded, AC +5
a: Berserk, Trog's Hand, Renounce Religion


You were on level 2 of the Dungeon.
You worshipped Trog.
Trog was pleased with you.
You were hungry.

You visited 1 branch of the dungeon, and saw 2 of its levels.

You collected 56 gold pieces.

Inventory:

Hand Weapons
 a - a +0 falchion
 f - a +5 short sword (weapon)
Jewellery
 g - a ring of ice (left hand)
 m - an uncursed ring of resist corrosion {unknown}
Scrolls
 d - 2 scrolls of amnesia {unknown}
 e - a scroll of magic mapping {unknown}
 i - a scroll of fog {unknown}
 j - 2 scrolls of identify {unknown}
Potions
 c - a potion of haste {unknown}
 h - a potion of curing {unknown}
 k - a potion of heal wounds {unknown}
Comestibles
 b - 6 rations
 l - 20 chunks of flesh


   Skills:
 * Level 4.4 Fighting
 * Level 3.9 Long Blades
 + Level 3.2 Dodging


You had 3 spell levels left.
You didn't know any spells.
Your spell library was empty.

Dungeon Overview and Level Annotations

Branches:
Dungeon (2/15)

Altars:
Dithmenos


Innate Abilities, Weirdness & Mutations

Your plain brown scales are hard. (AC +5)
You cannot fit into any form of body armour.
You are cold-blooded and may be slowed by cold attacks.


Message History

The gnoll barely misses you.
You puncture the gnoll!
You kill the gnoll!
Trog accepts your kill.
The gnoll hits you from afar with a spear!
The gnoll hits you with a spear!
* * * LOW HITPOINT WARNING * * *
You are too injured to fight recklessly!
You are too injured to fight recklessly!
You are too injured to fight recklessly!
You are too injured to fight recklessly!
You are too injured to fight recklessly!
You completely miss the gnoll.
The gnoll hits you from afar with a spear.
* * * LOW HITPOINT WARNING * * *
You closely miss the gnoll. The gnoll hits you with a spear.
* * * LOW HITPOINT WARNING * * *
You barely miss the gnoll.
The gnoll hits you from afar with a spear!
You die...

#. ##. #.. #.. ##### #.#
.....# # #.# #...#
####### #.#.#
#..###.....# ###.#..
#)@.....#..##.....#
.....gg#.#..###....#.#.#
.......#.#.## ##...#).).
............##+....###.#
.......#)#...#..P......#
....##.#.#.....P≈P.#####
..## ....#..)..P≈P.# ##
..####...⌠..P..#
###.)....##


You could see 2 gnolls.

Vanquished Creatures
  2 gnolls (D:2)
  2 adders (D:2)
  A dart slug (D:1)
  10 goblins
  8 hobgoblins
  8 jackals
  3 bats
  2 frilled lizards
  4 kobolds
  4 rats
44 creatures vanquished.

Notes
Turn   | Place    | Note
-------+----------+-------------------------------------------
     0 | D:1      | Kuinu the Draconian Berserker began the quest for the Orb.
     0 | D:1      | Reached XP level 1. HP: 19/19 MP: 1/1
   521 | D:1      | Reached XP level 2. HP: 26/26 MP: 2/2
  1015 | D:2      | Reached skill level 4 in Fighting
  1015 | D:2      | Reached XP level 3. HP: 29/33 MP: 3/3
  1016 | D:2      | Reached ** piety under Trog
  1044 | D:2      | Found a shadowy altar of Dithmenos.
  1127 | D:2      | Reached XP level 4. HP: 27/40 MP: 4/4
  1177 | D:2      | Slain by a gnoll

Vault maps used:
D:1:      kilobyte_arrival_exit_the_forest
D:2:      nicolae_dithmenos_shadow_blocks, tso_oasis_becter,
          minmay_misc_feat_iff, st_stairs_3

Skill      XL: |  1  2 |
---------------+-------+-----
Fighting       | 4 |  4.4
Dodging        | 3 |  3.2
Long Blades    | |  3.9

Action                   |  1- 3 |  4- 6 || total
-------------------------+-------+-------++-------
Melee: Falchion          |    19 |       ||    19
       Short sword       |    78 |    25 ||   103
       Tailslap          |    10 |     1 ||    11
Invok: Berserk           |       |     1 ||     1
  Eat: Chunk             |     1 |       ||     1
Armor: Skin              |    25 |     8 ||    33
Dodge: Dodged            |    73 |    26 ||    99
       Rpst.: Falchion   |     2 |       ||     2

Table legend:
 A = Spawn XP
 B = Non-spawn XP
 C = Spawn XP percentage of total XP
 D = Spawn monster count
 E = Non-spawn monster count
 F = Spawn count percentage of total count
 G = Total turns spent on level
                    A         B        C        D         E        F      G
               +---------+---------+-------+---------+---------+-------+---------
         Total |       0 |     124 |   0.0 |       0 |      44 |   0.0 |  1177
               +---------+---------+-------+---------+---------+-------+---------
           D:1 |       0 |      40 |   0.0 |       0 |      23 |   0.0 |  1003
           D:2 |       0 |      84 |   0.0 |       0 |      21 |   0.0 |   174
               +---------+---------+-------+---------+---------+-------+---------
